Map: Heavy Artillery LE

Players

Massa - Winner!

  • Race: Terran Terran
  • League: Platinum
  • Spawn Location: 3:00

qqq - Winner!

  • Race: Zerg Zerg
  • Spawn Location: 1:00

Mike

  • Race: Protoss Protoss
  • League: Platinum
  • Spawn Location: 7:00

Mattes

  • Race: Zerg Zerg
  • League: Platinum
  • Spawn Location: 7:00

VOD

Have the link to the VOD?

Description

Time

  • Played on: Oct. 25, 2020, 11:21 a.m.
  • Length: 5:44
Show
View Real Time Build Order
Export as new Build Order

Massa Terran - Winner!

Build Orders: Reaper Expand 

Get SALT Encoding   

  12  0:00  SCV  
  13  0:12  SCV  
  14  0:24  SCV  
  14  0:25  Supply Depot  
  15  0:40  Refinery  
  15  0:46  SCV  
  15  0:48  Barracks  
  16  0:59  SCV  
  17  1:11  SCV  
  18  1:23  SCV  
  19  1:36  Reaper  
  19  1:37  Orbital Command  
  20  1:44  Command Center  
  20  2:03  Factory  
  20  2:07  Marine  
  21  2:12  SCV  
  21  2:14  Supply Depot  
  22  2:24  SCV  
  23  2:32  Barracks Reactor  
  23  2:37  Supply Depot  
  23  2:51  Factory Tech Lab  
  23  2:53  SCV  
  24  3:05  SCV  
  24  3:21  Siege Tank  
  24  3:22  Marine x2  
  24  3:26  Orbital Command  
  29  3:27  SCV, Barracks  
  30  3:35  Refinery  
  30  3:37  Barracks  
  30  3:39  SCV  
  30  3:40  Barracks, Marine x2  
  33  3:51  SCV  
  34  3:57  Marine  
  34  3:58  Marine  
  34  3:59  Siege Tank  
  39  4:15  Marine x2, Engineering Bay  
  39  4:16  Barracks Tech Lab  
  41  4:25  Barracks Tech Lab  
  41  4:29  Barracks Reactor  
  41  4:32  Refinery  
  41  4:33  Marine  
  41  4:34  Refinery  
  42  4:42  Marauder, Marine  
  42  4:43  Marine  
  46  4:51  Marine  
  47  5:00  Marine  
  47  5:01  Marine  
  47  5:03  Marauder  
  51  5:12  Marine x3  
  54  5:18  Marine  
  54  5:29  Supply Depot x2  
Show
View Real Time Build Order
Export as new Build Order

qqq Zerg - Winner!

Build Orders: Hatch First 

Get SALT Encoding   

  12  0:00  Drone  
  13  0:10  Drone  
  14  0:35  Hatchery  
  13  0:38  Drone  
  14  0:57  Spawning Pool  
  14  1:03  Overlord  
  13  1:08  Drone  
  13  1:10  Extractor  
  13  1:14  Drone  
  14  1:31  Drone x2  
  16  1:38  Drone  
  17  1:47  Drone  
  17  1:48  Queen  
  17  1:52  Drone  
  21  1:58  Zergling x2  
  21  2:00  Zergling x2  
  23  2:09  Spine Crawler  
  23  2:11  Zergling x2  
  24  2:15  Zergling x2  
  24  2:22  Metabolic Boost  
  24  2:34  Zergling x2, Overlord  
  24  2:36  Drone  
  26  2:40  Zergling x2  
  27  2:51  Zergling x2  
  28  2:55  Zergling x2  
  28  2:56  Zergling x4  
  31  3:15  Zergling x6, Overlord  
  31  3:16  Zergling x2  
  33  3:39  Zergling x6  
  33  3:43  Lair  
  33  3:44  Baneling Nest  
  33  3:45  Zergling x2  
  33  3:50  Drone  
  33  4:03  Queen  
  33  4:04  Drone x2  
  33  4:07  Zergling x2  
  38  4:13  Zergling x4  
  38  4:16  Drone  
  41  4:18  Zergling x2  
  43  4:24  Zergling x2  
  43  4:26  Zergling x2  
  44  4:31  Baneling x3  
  44  4:32  Baneling x2  
  44  4:37  Overlord  
  41  5:09  Zergling x2  
  41  5:10  Zergling x10  
  47  5:23  Baneling x3  
Show
View Real Time Build Order
Export as new Build Order

Mike Protoss 

Build Orders: 1 Gate Expand 

Get SALT Encoding   

  12  0:00  Probe  
  13  0:12  Probe  
  14  0:18  Pylon  
  14  0:24  Probe (Chrono Boost)  
  15  0:31  Assimilator  
  15  0:37  Probe (Chrono Boost)  
  16  0:43  Gateway  
  16  0:45  Probe (Chrono Boost)  
  17  1:13  Nexus  
  17  1:15  Probe  
  18  1:21  Assimilator  
  18  1:28  Probe  
  19  1:36  Gateway  
  19  1:49  Probe  
  20  2:00  Cybernetics Core  
  20  2:01  Probe (Chrono Boost)  
  21  2:10  Pylon  
  21  2:11  Probe (Chrono Boost)  
  22  2:17  Pylon  
  22  2:28  Probe x2  
  24  2:33  Pylon  
  24  2:41  Stalker (Chrono Boost)  
  27  2:53  Stalker (Chrono Boost)  
  26  3:05  Stalker (Chrono Boost)  
  28  3:15  Stalker  
  30  3:31  Gateway, Stalker  
  30  3:45  Stalker  
  32  3:57  Probe (Chrono Boost)  
  32  3:58  Probe (Chrono Boost)  
  32  4:01  Stalker  
  36  4:07  Probe x2 (Chrono Boost)  
  36  4:09  Pylon  
  38  4:12  Probe x2 (Chrono Boost)  
  38  4:15  Stalker (Chrono Boost)  
  42  4:23  Probe  
  42  4:24  Probe  
  46  4:32  Stalker (Chrono Boost)  
  46  4:34  Stalker (Chrono Boost)  
  48  4:38  Probe x2  
  48  4:41  Assimilator  
  50  4:48  Robotics Facility  
  50  4:50  Probe  
  49  5:05  Stalker x3  
Show
View Real Time Build Order
Export as new Build Order

Mattes Zerg 

Build Orders: Hatch First 

Get SALT Encoding   

  12  0:00  Drone  
  13  0:13  Overlord  
  13  0:16  Drone  
  14  0:33  Drone x2  
  14  0:35  Drone  
  17  0:46  Drone  
  18  0:56  Hatchery  
  17  0:59  Drone  
  18  1:07  Drone  
  19  1:16  Spawning Pool  
  19  1:18  Drone  
  19  1:21  Extractor  
  18  1:29  Drone  
  19  1:40  Overlord  
  19  1:50  Drone  
  20  2:01  Drone  
  21  2:03  Queen  
  23  2:10  Drone  
  23  2:13  Drone  
  25  2:19  Drone  
  25  2:21  Queen  
  28  2:23  Drone  
  30  2:37  Drone  
  30  2:39  Drone  
  31  2:44  Drone  
  31  2:49  Hatchery  
  30  2:52  Zergling x4  
  30  2:57  Queen  
  33  2:59  Zergling x2  
  33  3:03  Spine Crawler  
  33  3:06  Extractor, Zergling x4  
  33  3:12  Zergling x2  
  32  3:21  Zergling x6  
  32  3:26  Zergling x2  
  35  3:28  Metabolic Boost  
  35  3:31  Drone  
  33  3:36  Zergling x4  
  35  3:47  Zergling x2  
  36  3:59  Overlord  
  36  4:00  Overlord x2  
  36  4:11  Overlord  
  36  4:26  Drone x2  
  38  4:34  Hatchery  
  38  4:35  Baneling Nest  
  38  4:38  Drone  
  37  4:39  Drone  
  38  4:49  Drone  
  38  5:09  Zergling x2  
  38  5:10  Zergling x16  
  46  5:16  Zergling x4  
Tags
 
Add a new tag
Caveats
  • Supply blocks, unpowered buildings, or Contaminate may cause inaccurate times.
  • Supply counts are checked every 10 seconds.